AoeStats
← Cuervo

Arabia

504912069Analyzed
4v4 RM · 25d ago on Sep 7, 2026· 34m 43s· 8 players
Game mode
Random Map
Map size
Large (8 player)
Population
200
Speed
Normal
Resources
Standard
Victory
Conquest
Starting age
Dark Age
Ending age
Imperial Age
RankedLock teamsTeams togetherTeam positionsShared explorationLock speedFull tech treeHidden civsTurbo modeCheats
Victory
Defeat
🇦🇷 Koreans · Argentina
1108
+15
🇨🇱 Italians · Chile
1077
+16
🇦🇷 Georgians · Argentina
1004
+20
🇦🇷 Cumans · Argentina
968
+22
🇧🇷 Britons · Brazil
1103
-19
🇬🇧 Tupi · United Kingdom
1096
-19
🇸🇪 Vietnamese · Sweden
1085
-18
🇨🇦 Lithuanians · Canada
1051
-17
AngryArtifact
10:03 Feudal Age
10:32 Double-Bit Axe
10:48 Horse Collar
19:22 Castle Age
17:48 Gold Mining
18:47 Forging
19:37 Scale Barding Armor
20:41 Wheelbarrow
21:55 Husbandry
22:33 Bow Saw
23:10 Bloodlines
24:24 Hand Cart
26:56 Iron Casting
29:27 Chain Barding Armor
31:46 Padded Archer Armor
31:37 Fletching
Kiki da 1.75Handed
3:57 Loom
9:32 Feudal Age
13:15 Champi Runner
14:35 Scale Mail Armor
20:36 Forging
23:34 Double-Bit Axe
25:07 Fletching
29:14 Castle Age
27:50 Gold Mining
27:44 Horse Collar
28:09 Stone Mining
29:41 Padded Archer Armor
31:01 Bodkin Arrow
rodrigo
8:21 Loom
10:06 Feudal Age
11:51 Double-Bit Axe
16:34 Fletching
27:09 Castle Age
28:10 Crossbowman
The Outpost Man
5:01 Loom
12:23 Feudal Age
13:26 Double-Bit Axe
13:35 Horse Collar
24:12 Castle Age
22:20 Gold Mining
23:04 Fletching
25:26 Wheelbarrow
24:52 Heavy Plow
25:05 Bow Saw
24:42 Elite Skirmisher
25:40 Padded Archer Armor
28:06 Forging
28:02 Scale Barding Armor
30:51 Bloodlines
30:41 Husbandry
Cuervo
3:18 Loom
9:28 Feudal Age
11:33 Double-Bit Axe
20:37 Bloodlines
23:06 Castle Age
21:39 Forging
21:52 Gold Mining
22:58 Scale Barding Armor
23:54 Horse Collar
26:54 Iron Casting
26:40 Chain Barding Armor
30:20 Husbandry
32:24 Wheelbarrow
VikhyatArg
7:11 Loom
9:28 Feudal Age
12:06 Double-Bit Axe
15:08 Fletching
16:31 Town Watch
21:05 Horse Collar
24:57 Castle Age
25:20 Crossbowman
25:59 Bodkin Arrow
26:40 Heavy Plow
26:52 Bow Saw
30:31 Gold Mining
34:52 Ballistics
Gitu
2:41 Loom
10:10 Feudal Age
10:46 Double-Bit Axe
10:42 Horse Collar
19:35 Wheelbarrow
26:19 Castle Age
25:36 Scale Barding Armor
27:34 Forging
28:26 Bloodlines
28:59 Iron Casting
30:43 Chain Barding Armor
32:07 Capped Ram
33:17 Bow Saw
33:18 Heavy Plow
VZ | Thyrfing
5:27 Loom
9:28 Feudal Age
16:32 Double-Bit Axe
16:30 Horse Collar
19:28 Fletching
25:52 Castle Age
24:34 Padded Archer Armor
26:05 Crossbowman
26:43 Bodkin Arrow
27:04 Leather Archer Armor
27:06 Light Cavalry
30:45 Stone Mining
30:57 Gold Mining
33:47 Heavy Plow
Connection lost

Rejoining the realm…

Still unreachable

The connection could not be restored.

Session expired

The server has moved on; the page needs a fresh start.